 Dungeon Crawl Stone Soup version 0.21.1-1-g345015f (webtiles) character file.

3164 tidbits the Magician (level 9, -9/71 HPs)
             Began as a Gnoll Skald on June 25, 2018.
             Was a Priest of Cheibriados.
             Mangled by a hornet (12 damage)
             ... while paralysed by a hornet
             ... on level 10 of the Dungeon.
             The game lasted 00:20:12 (1926 turns).

tidbits the Magician (Gnoll Skald)                  Turns: 1926, Time: 00:20:13

Health: -9/71      AC:  8    Str: 20    XL:     9   Next: 94%
Magic:  15/19      EV:  2    Int: 25    God:    Cheibriados [***...]
Gold:   267        SH:  0    Dex: 20    Spells: 8/21 levels left

rFire    . . .     SeeInvis +   a - +0 hand axe
rCold    . . .     Gourm    .   (no shield)
rNeg     . . .     Faith    .   b - +0 leather armour
rPois    .         Spirit   .   E - +0 helmet
rElec    .         Reflect  .   (no cloak)
rCorr    .         Harm     .   G - +0 pair of gloves
MR       .....                  (no boots)
Stlth    +++.......             (no amulet)
HPRegen  0.21/turn              U - +2 ring of protection
MPRegen  0.16/turn              x - ring of see invisible

@: paralysed, singing, slowed, very slow
A: distributed training, fangs 1, strong nose
a: Bend Time, Temporal Distortion, Renounce Religion


You were on level 10 of the Dungeon.
You worshipped Cheibriados.
Cheibriados was most pleased with you.
You were hungry.

You visited 1 branch of the dungeon, and saw 10 of its levels.

You collected 267 gold pieces.

Inventory:

Hand Weapons
 a - a +0 hand axe (weapon)
 e - a +1 whip of venom
   (You took it off an orc on level 7 of the Dungeon)
 i - a +0 dagger
 m - a +1 dagger of flaming
   (You took it off an orc on level 3 of the Dungeon)
 t - a +0 flail
Missiles
 f - 38 stones
 l - 10 tomahawks
 u - 3 tomahawks of returning (quivered)
Armour
 b - a +0 leather armour (worn)
 g - a +0 shield
 n - a +0 ring mail
 E - a +0 helmet (worn)
 G - a +0 pair of gloves (worn)
Jewellery
 x - a ring of see invisible (right hand)
   (You found it on level 7 of the Dungeon)
 U - a +2 ring of protection (left hand)
   (You found it on level 3 of the Dungeon)
Wands
 A - a wand of polymorph (12)
Scrolls
 j - a scroll of remove curse {unknown}
 r - a scroll of magic mapping {unknown}
 v - a scroll of immolation
 z - a scroll of fog
Potions
 p - a potion of resistance {unknown}
 q - a potion of haste {unknown}
Books
 d - a book of Battle

   Spells                             Type                      Level
   a - Infusion                       Charms                       1
   b - Shroud of Golubria             Charms/Translocation         2
   c - Song of Slaying                Charms                       2
   d - Spectral Weapon                Hexes/Charms                 3
   e - Regeneration                   Charms/Necromancy            3
 s - a book of Changes
   (You found it on level 4 of the Dungeon)

   Spells                             Type                      Level
   a - Beastly Appendage              Transmutation                1
   b - Sticks to Snakes               Transmutation                2
   c - Spider Form                    Transmutation/Poison         3
   d - Ice Form                       Ice/Transmutation            4
   e - Blade Hands                    Transmutation                5
 w - a book of Conjurations
   (You found it on level 6 of the Dungeon)

   Spells                             Type                      Level
   a - Magic Dart                     Conjuration                  1
   b - Searing Ray                    Conjuration                  2
   c - Dazzling Spray                 Conjuration/Hexes            3
   d - Fulminant Prism                Conjuration/Hexes            4
   e - Force Lance                    Conjuration/Translocation    4
   f - Iskenderun's Mystic Blast      Conjuration                  4
 y - a book of Cantrips
   (You found it on level 7 of the Dungeon)

   Spells                             Type                      Level
   a - Confusing Touch                Hexes                        1
   b - Animate Skeleton               Necromancy                   1
   c - Summon Small Mammal            Summoning                    1
   d - Apportation                    Translocation                1
Comestibles
 c - 12 rations


   Skills:
 + Level 6.6 Fighting
 + Level 4.6 Short Blades
 + Level 4.6 Long Blades
 + Level 6.6 Axes
 + Level 4.6 Maces & Flails
 + Level 4.6 Polearms
 + Level 4.6 Staves
 + Level 4.6 Slings
 + Level 4.6 Bows
 + Level 4.6 Crossbows
 + Level 4.6 Throwing
 + Level 5.3 Armour
 + Level 6.6 Dodging
 + Level 4.6 Stealth
 + Level 4.6 Shields
 + Level 4.6 Unarmed Combat
 + Level 6.9 Spellcasting
 + Level 3.8 Conjurations
 + Level 3.8 Hexes
 + Level 6.7 Charms
 + Level 3.8 Summonings
 + Level 3.8 Necromancy
 + Level 3.8 Translocations
 + Level 3.8 Transmutations
 + Level 3.8 Fire Magic
 + Level 3.8 Ice Magic
 + Level 3.8 Air Magic
 + Level 3.8 Earth Magic
 + Level 3.8 Poison Magic
 + Level 5.1 Invocations
 + Level 4.6 Evocations


You had 8 spell levels left.
You knew the following spells:

 Your Spells              Type           Power        Failure   Level  Hunger
g - Shroud of Golubria    Chrm/Tloc      #####.....   1%          2    None
i - Infusion              Chrm           ####         1%          1    None
n - Animate Skeleton      Necr           N/A          1%          1    None
r - Regeneration          Chrm/Necr      #####.....   2%          3    None
w - Spectral Weapon       Hex/Chrm       #####...     2%          3    None
y - Song of Slaying       Chrm           #####...     1%          2    None
A - Apportation           Tloc           ####..       1%          1    None


Dungeon Overview and Level Annotations

Branches:
Dungeon (10/15)            Temple (0/1) D:7            Lair (0/6) D:8
    Orc: D:9-12

Altars:
Cheibriados
Kikubaaqudgha
Trog
Yredelemnul

Annotations:
D:6 Grinder
D:8 Pikel; Psyche; Squonk's ghost, novice DEAE


Innate Abilities, Weirdness & Mutations

Your experience applies equally to all skills.
You have very sharp teeth.
Your uncanny sense of smell can sniff out nearby items.


Message History

There is an open door here.
There is an escape hatch in the floor here.
You slide downwards.
The hatch slams shut behind you.
A leopard gecko, an adder and 3 orcs come into view.
Found 12 gold pieces.
Unknown command.
Casting: Spectral Weapon
Confirm with . or Enter, or press ? or * to list all spells.
You start singing a song of slaying.
The orc warrior shouts!
The orc priest shouts!
The orc shouts!
You hear a bark!
The leopard gecko hisses angrily.
A hornet comes into view.
Casting: Song of Slaying
Confirm with . or Enter, or press ? or * to list all spells.
You draw out your weapon's spirit!
The hornet buzzes angrily.
You hear a bark!
The orc misses your spectral weapon.
The orc priest calls down the wrath of Beogh upon you.
Beogh smites you!
A jackal comes into view.
You swap places.
You hear a shout!
The orc misses you. The orc hits you but does no damage.
The adder barely misses you. 2 jackals come into view.
You slash the orc priest!
You punch the orc priest, but do no damage.
The orc priest is severely wounded.
You slash the adder! You hit the orc but do no damage.
Your spectral weapon hits the orc priest but does no damage.
Your spectral weapon hits the adder but does no damage.
The orc priest mumbles some strange prayers to Beogh against you.
Beogh smites you! The adder bites you but does no damage. The orc misses you.
An orc priest comes into view. It is wielding a whip.
You hit the orc priest.
The orc priest is almost dead.
You hit the adder. You hit the leopard gecko.
You kill the leopard gecko!
Cheibriados thoroughly appreciates the change of pace.
You hit the orc but do no damage.
You hear a bark!
Your spectral weapon closely misses the orc priest.
Your spectral weapon hits the orc warrior but does no damage.
Your spectral weapon barely misses the adder.
The adder completely misses you.
The orc priest calls down the wrath of Beogh upon you.
You struggle to resist.
The orc hits you but does no damage.
The orc warrior closely misses your spectral weapon.
The hornet barely misses you.
A jackal comes into view.
You closely miss the orc priest.
The orc priest is almost dead.
You hit the orc. You barely miss the hornet. You miss the adder.
Your spectral weapon hits the orc priest.
You kill the orc priest!
Cheibriados appreciates the change of pace.
You can now warp the flow of time around you.
Your spectral weapon hits the orc warrior but does no damage.
Your spectral weapon hits the jackal.
Your spectral weapon hits the adder but does no damage.
The adder bites your spectral weapon but does no damage.
The jackal barely misses your spectral weapon.
The hornet stings you but does no damage.
The orc completely misses you.
The adder bites your spectral weapon but does no damage.
Unknown command.
You barely miss the hornet. Your bite misses the hornet.
You hit the orc warrior.
You strike the helpless adder from behind!
You hit the adder.
You kill the adder!
Cheibriados thoroughly appreciates the change of pace.
You hit the orc.
Your spectral weapon hits the hornet.
Your spectral weapon hits the orc warrior.
Your spectral weapon hits the orc.
You kill the orc!
Cheibriados appreciates the change of pace.
The hornet stings you.
You suddenly lose the ability to move!
The orc warrior hits you but does no damage.
The hornet stings you but does no damage.
You hear a shout!
The jackal bites you but does no damage. x2
The orc priest invokes the aid of Beogh against you.
Beogh smites you! The hornet stings you.
* * * LOW HITPOINT WARNING * * *
You shrug off the repeated paralysis!
The orc warrior barely misses you.
You hear a shout!
The jackal bites you but does no damage.
The hornet stings you!
* * * LOW HITPOINT WARNING * * *
You feel yourself slow down.
The jackal bites you but does no damage.
The jackal bites you.
* * * LOW HITPOINT WARNING * * *
The jackal bites you.
* * * LOW HITPOINT WARNING * * *
The orc warrior hits you with a short sword!
* * * LOW HITPOINT WARNING * * *
The hornet stings you!
You die...

.?
..............
..
.............
.. ............
.# #...........
# #...........
# #...........
# #...........
.#
####..h........
..
......o@y(.....
..
......hh[......
..
.$...h.........
..
.......o.......
.
...............
...............
...............
....o......#...


You could see a hornet, an orc warrior, an orc priest, an orc, 4 jackals and a
friendly spectral hand axe.

Vanquished Creatures
  Prince Ribbit (D:6)
  A hippogriff (D:5)
  A hungry ghost (D:8)
  2 porcupines (D:8)
  An ice beast (D:8)
  3 sky beasts
  A phantom (D:9)
  4 ogres
  2 crocodiles (D:8)
  Blork the orc (D:6)
  4 bullfrogs
  A water moccasin zombie (D:7)
  2 scorpions
  A wyvern skeleton (D:7)
  3 howler monkeys (D:9)
  2 wights (D:8)
  A crimson imp (D:4)
  A bullfrog zombie (D:6)
  A centaur skeleton (D:7)
  3 hounds
  5 orc priests
  Natasha (D:2)
  4 orc wizards
  5 worker ants
  2 hound skeletons
  2 worker ant zombies (D:9)
  A howler monkey skeleton (D:8)
  7 adders
  A shadow imp (D:9)
  3 oozes
  3 dart slugs
  2 leopard geckos
  27 orcs
  A giant cockroach (D:6)
  3 goblins (D:3)
  2 hobgoblins (D:1)
  2 jackals (D:3)
  2 quokkas
  3 bats
  2 frilled lizards
  4 kobolds
  A leopard gecko skeleton (D:8)
  3 rats
  A spectral weapon (D:7)
123 creatures vanquished.

Vanquished Creatures (others)
  2 bushes (D:8)
  2 fungi (D:8)
  6 plants (D:8)
  A spectral weapon (D:6)
11 creatures vanquished.

Grand Total: 134 creatures vanquished

Notes
Turn   | Place    | Note
-------+----------+-------------------------------------------
     0 | D:1      | tidbits the Gnoll Skald began the quest for the Orb.
     0 | D:1      | Reached XP level 1. HP: 20/20 MP: 6/6
   185 | D:2      | Noticed Natasha
   193 | D:2      | Killed Natasha
   193 | D:2      | Reached skill level 5 in Spellcasting
   193 | D:2      | Reached XP level 2. HP: 23/26 MP: 2/8
   193 | D:2      | Reached XP level 3. HP: 27/31 MP: 2/9
   197 | D:2      | Learned a level 2 spell: Song of Slaying
   200 | D:2      | Learned a level 2 spell: Shroud of Golubria
   204 | D:2      | Learned a level 3 spell: Regeneration
   208 | D:2      | Learned a level 3 spell: Spectral Weapon
   259 | D:3      | Reached skill level 1 in Invocations
   283 | D:3      | Reached skill level 1 in Short Blades
   283 | D:3      | Reached skill level 1 in Long Blades
   283 | D:3      | Reached skill level 1 in Maces & Flails
   283 | D:3      | Reached skill level 1 in Polearms
   283 | D:3      | Reached skill level 1 in Staves
   283 | D:3      | Reached skill level 1 in Slings
   283 | D:3      | Reached skill level 1 in Bows
   283 | D:3      | Reached skill level 1 in Crossbows
   283 | D:3      | Reached skill level 1 in Throwing
   283 | D:3      | Reached skill level 1 in Stealth
   283 | D:3      | Reached skill level 1 in Shields
   283 | D:3      | Reached skill level 1 in Unarmed Combat
   283 | D:3      | Reached skill level 1 in Evocations
   283 | D:3      | Reached XP level 4. HP: 27/38 MP: 2/11
   297 | D:3      | Reached skill level 1 in Conjurations
   297 | D:3      | Reached skill level 1 in Hexes
   297 | D:3      | Reached skill level 1 in Summonings
   297 | D:3      | Reached skill level 1 in Necromancy
   297 | D:3      | Reached skill level 1 in Translocations
   297 | D:3      | Reached skill level 1 in Transmutations
   297 | D:3      | Reached skill level 1 in Fire Magic
   297 | D:3      | Reached skill level 1 in Ice Magic
   297 | D:3      | Reached skill level 1 in Air Magic
   297 | D:3      | Reached skill level 1 in Earth Magic
   297 | D:3      | Reached skill level 1 in Poison Magic
   355 | D:3      | Found a bloodstained altar of Trog.
   418 | D:5      | Entered Level 5 of the Dungeon
   462 | D:3      | Reached XP level 5. HP: 34/43 MP: 6/12
   558 | D:4      | Reached skill level 3 in Armour
   604 | D:4      | Reached XP level 6. HP: 19/50 MP: 1/13
   605 | D:4      | Reached skill level 2 in Invocations
   630 | D:3      | Found a snail-covered altar of Cheibriados.
   637 | D:3      | Became a worshipper of Cheibriados the Contemplative
   794 | D:5      | Reached skill level 5 in Fighting
   794 | D:5      | Reached skill level 5 in Axes
   794 | D:5      | Reached skill level 5 in Dodging
   811 | D:6      | Noticed Grinder
   815 | D:6      | Paralysed by Grinder for 2 turns
   832 | D:6      | Reached skill level 2 in Short Blades
   832 | D:6      | Reached skill level 2 in Long Blades
   832 | D:6      | Reached skill level 2 in Maces & Flails
   832 | D:6      | Reached skill level 2 in Polearms
   832 | D:6      | Reached skill level 2 in Staves
   832 | D:6      | Reached skill level 2 in Slings
   832 | D:6      | Reached skill level 2 in Bows
   832 | D:6      | Reached skill level 2 in Crossbows
   832 | D:6      | Reached skill level 2 in Throwing
   832 | D:6      | Reached skill level 2 in Stealth
   832 | D:6      | Reached skill level 2 in Shields
   832 | D:6      | Reached skill level 2 in Unarmed Combat
   832 | D:6      | Reached skill level 2 in Evocations
   835 | D:6      | HP: 5/51 [bullfrog (6)]
   869 | D:5      | Noticed a hippogriff
   879 | D:5      | Reached XP level 7. HP: 15/56 MP: 3/15
   880 | D:5      | HP: 2/56 [hippogriff (7)]
   882 | D:5      | Killed a hippogriff
   882 | D:5      | Reached skill level 2 in Conjurations
   882 | D:5      | Reached skill level 2 in Hexes
   882 | D:5      | Reached skill level 2 in Summonings
   882 | D:5      | Reached skill level 2 in Necromancy
   882 | D:5      | Reached skill level 2 in Translocations
   882 | D:5      | Reached skill level 2 in Transmutations
   882 | D:5      | Reached skill level 2 in Fire Magic
   882 | D:5      | Reached skill level 2 in Ice Magic
   882 | D:5      | Reached skill level 2 in Air Magic
   882 | D:5      | Reached skill level 2 in Earth Magic
   882 | D:5      | Reached skill level 2 in Poison Magic
   936 | D:6      | Noticed Prince Ribbit
   956 | D:6      | Killed Prince Ribbit
   956 | D:6      | Reached skill level 6 in Charms
   956 | D:6      | Reached skill level 3 in Invocations
   956 | D:6      | Reached XP level 8. HP: 30/63 MP: 13/16
   981 | D:6      | Reached skill level 3 in Short Blades
   981 | D:6      | Reached skill level 3 in Long Blades
   981 | D:6      | Reached skill level 3 in Maces & Flails
   981 | D:6      | Reached skill level 3 in Polearms
   981 | D:6      | Reached skill level 3 in Staves
   981 | D:6      | Reached skill level 3 in Slings
   981 | D:6      | Reached skill level 3 in Bows
   981 | D:6      | Reached skill level 3 in Crossbows
   981 | D:6      | Reached skill level 3 in Throwing
   981 | D:6      | Reached skill level 4 in Armour
   981 | D:6      | Reached skill level 3 in Stealth
   981 | D:6      | Reached skill level 3 in Shields
   981 | D:6      | Reached skill level 3 in Unarmed Combat
   981 | D:6      | Reached skill level 3 in Evocations
   985 | D:6      | Noticed Blork the orc
   991 | D:6      | Killed Blork the orc
   997 | D:6      | Reached skill level 6 in Spellcasting
  1000 | D:6      | Reached * piety under Cheibriados
  1134 | D:8      | Noticed a yak
  1134 | D:8      | Noticed a two-headed ogre
  1193 | D:7      | Found a staircase to the Ecumenical Temple.
  1202 | D:7      | Learned a level 1 spell: Apportation
  1204 | D:7      | Learned a level 1 spell: Animate Skeleton
  1262 | D:8      | Reached skill level 3 in Conjurations
  1262 | D:8      | Reached skill level 3 in Hexes
  1262 | D:8      | Reached skill level 3 in Summonings
  1262 | D:8      | Reached skill level 3 in Necromancy
  1262 | D:8      | Reached skill level 3 in Translocations
  1262 | D:8      | Reached skill level 3 in Transmutations
  1262 | D:8      | Reached skill level 3 in Fire Magic
  1262 | D:8      | Reached skill level 3 in Ice Magic
  1262 | D:8      | Reached skill level 3 in Air Magic
  1262 | D:8      | Reached skill level 3 in Earth Magic
  1262 | D:8      | Reached skill level 3 in Poison Magic
  1262 | D:8      | Reached skill level 4 in Invocations
  1276 | D:8      | Reached XP level 9. HP: 69/69 MP: 8/18
  1281 | D:8      | Reached skill level 6 in Fighting
  1281 | D:8      | Reached skill level 6 in Axes
  1281 | D:8      | Reached skill level 6 in Dodging
  1324 | D:7      | Reached ** piety under Cheibriados
  1368 | D:8      | HP: 1/69 [porcupine's spines (9)]
  1375 | D:8      | Reached skill level 4 in Short Blades
  1375 | D:8      | Reached skill level 4 in Long Blades
  1375 | D:8      | Reached skill level 4 in Maces & Flails
  1375 | D:8      | Reached skill level 4 in Polearms
  1375 | D:8      | Reached skill level 4 in Staves
  1375 | D:8      | Reached skill level 4 in Slings
  1375 | D:8      | Reached skill level 4 in Bows
  1375 | D:8      | Reached skill level 4 in Crossbows
  1375 | D:8      | Reached skill level 4 in Throwing
  1375 | D:8      | Reached skill level 4 in Stealth
  1375 | D:8      | Reached skill level 4 in Shields
  1375 | D:8      | Reached skill level 4 in Unarmed Combat
  1375 | D:8      | Reached skill level 4 in Evocations
  1385 | D:8      | HP: 3/69 [porcupine's spines (7)]
  1436 | D:8      | Noticed Psyche
  1441 | D:8      | Noticed Pikel
  1445 | D:8      | Reached skill level 5 in Armour
  1445 | D:8      | Found a staircase to the Lair.
  1448 | D:8      | Noticed Squonk's ghost (novice DEAE)
  1555 | D:10     | Entered Level 10 of the Dungeon
  1570 | D:8      | Found a basalt altar of Yredelemnul.
  1570 | D:8      | Found an ancient bone altar of Kikubaaqudgha.
  1833 | D:9      | Reached skill level 5 in Invocations
  1919 | D:10     | Noticed a hornet
  1923 | D:10     | Reached *** piety under Cheibriados
  1924 | D:10     | Paralysed by a hornet for 3 turns
  1926 | D:10     | HP: 3/71 [orc warrior/short sword (15)]
  1926 | D:10     | Mangled by a hornet

Skill      XL: |  1  2  3  4  5  6  7  8  9 |
---------------+----------------------------+-----
Spellcasting   | 5 6 |  6.9
Invocations    | 1 2 3 4 5 |  5.1
Short Blades   | 1 2 3 4 |  4.6
Long Blades    | 1 2 3 4 |  4.6
Maces & Flails | 1 2 3 4 |  4.6
Polearms       | 1 2 3 4 |  4.6
Staves         | 1 2 3 4 |  4.6
Slings         | 1 2 3 4 |  4.6
Bows           | 1 2 3 4 |  4.6
Crossbows      | 1 2 3 4 |  4.6
Throwing       | 1 2 3 4 |  4.6
Stealth        | 1 2 3 4 |  4.6
Shields        | 1 2 3 4 |  4.6
Unarmed Combat | 1 2 3 4 |  4.6
Evocations     | 1 2 3 4 |  4.6
Conjurations   | 1 2 3 |  3.8
Hexes          | 1 2 3 |  3.8
Summonings     | 1 2 3 |  3.8
Necromancy     | 1 2 3 |  3.8
Translocations | 1 2 3 |  3.8
Transmutations | 1 2 3 |  3.8
Fire Magic     | 1 2 3 |  3.8
Ice Magic      | 1 2 3 |  3.8
Air Magic      | 1 2 3 |  3.8
Earth Magic    | 1 2 3 |  3.8
Poison Magic   | 1 2 3 |  3.8
Armour         | 3 4 5 |  5.3
Fighting       | 5 6 |  6.6
Axes           | 5 6 |  6.6
Dodging        | 5 6 |  6.6
Charms         | 6 |  6.7

Action                   |  1- 3 |  4- 6 |  7- 9 || total
-------------------------+-------+-------+-------++-------
Melee: Hand axe          |    28 |    96 |   227 ||   351
       Bite              |     2 |     5 |    36 ||    43
       Punch             |       |     1 |     4 ||     5
       Flail             |       |       |     4 ||     4
       Dagger            |       |       |     1 ||     1
Throw: Stone             |       |     1 |       ||     1
       Tomahawk          |       |     2 |    19 ||    21
 Cast: Infusion          |     5 |       |       ||     5
       Spectral Weapon   |     2 |    13 |    28 ||    43
       Song of Slaying   |     2 |     7 |    15 ||    24
       Shroud of Golubri |     1 |     3 |     8 ||    12
       Regeneration      |       |     2 |    14 ||    16
       Apportation       |       |       |     7 ||     7
Evoke: Wand              |       |       |     1 ||     1
  Use: Potion            |       |     1 |     3 ||     4
       Scroll            |       |     1 |     5 ||     6
 Stab: Sleeping          |     1 |       |     2 ||     3
       Distracted        |       |     1 |     4 ||     5
  Eat: Chunk             |       |     1 |     4 ||     5
Armor: Leather armour    |     3 |    25 |    66 ||    94
Dodge: Dodged            |    16 |    99 |   174 ||   289

Table legend:
 A = Turns spent in this place as a percentage of turns spent in the entire game.
 B = Non-inter-level travel turns spent in this place as a percentage of non-inter-level travel turns spent in the entire game.
 C = Inter-level travel turns spent in this place as a percentage of turns spent in this place.
 D = Turns resting spent in this place as a percentage of non-inter-level travel turns spent in this place.
 E = Turns spent auto-exploring this place as a percentage of non-inter-level travel turns spent in this place.
 F = Non-inter-level travel turns spent in this place divided by the number of levels of this place that you've seen.
                   A       B       C       D       E      F
               +-------+-------+-------+-------+-------+----------------------
         Total | 100.0 | 100.0 |   0.4 |   0.0 |   0.0 | 191.8
       Dungeon | 100.0 | 100.0 |   0.4 |   0.0 |   0.0 | 191.8
               +-------+-------+-------+-------+-------+----------------------

Table legend:
 A = Kills in this place as a percentage of kills in entire the game.
 B = Kills by you in this place as a percentage of kills by you in the entire game.
 C = Kills by friends in this place as a percentage of kills by friends in the entire game.
 D = Other kills in this place as a percentage of other kills in the entire game.
 E = Experience gained in this place as a percentage of experience gained in the entire game.
 F = Experience gained in this place divided by the number of levels of this place that you have seen.
                   A       B       C       D       E      F
               +-------+-------+-------+-------+-------+----------------------
         Total | 100.0 | 100.0 |   N/A |   N/A | 100.0 | 452.0
       Dungeon | 100.0 | 100.0 |   N/A |   N/A | 100.0 | 452.0
               +-------+-------+-------+-------+-------+----------------------

Vault maps used:
D:1:      dpeg_arrival_morbid_curiosity, corner_web_ring,
          minmay_misc_feat_tower, serial_bayou_pond_c, kennysheep_doodads
D:2:      chequers_ecumenical_altar_simple, st_stairs_13, uniq_natasha
D:3:      lemuel_round_altar, gammafunk_temple_overflow_statue,
          lemuel_coloured_pillars_altar, overflow_temple_1_default,
          first_ration, uniq_sigmund
D:4:      minmay_misc_feat_cross, hangedman_decor_riveting, hex_medium
D:6:      nicolae_qazlal_eye_of_the_storm, uniq_blork_the_orc, uniq_grinder,
          uniq_prince_ribbit1
D:7:      minmay_temple_entry_large_hall
D:8:      nicolae_overflow_hidden_temple, minmay_lair_entry_grove, serial_shops,
          nicolae_shop_waterfront, uniq_pikel, uniq_psyche, uniq_maurice
